 Dungeon Sprint DCSS version 0.30.0-19-g36f170ea60 (webtiles) character file.

Game seed: 6184549868583568768

31 Groucho the Trooper (level 3, -9/31 HPs)
             Began as a Demonspawn Fighter on May 26, 2023.
             Mangled by a draconian
             ... wielding a +0 club
              (12 damage)
             ... in the Dungeon (Sprint V: "Ziggurat Sprint").
             The game lasted 00:00:23 (104 turns).

Groucho the Trooper (Demonspawn Fighter)             Turns: 104, Time: 00:00:24

Health: -9/31      AC:  7    Str: 16    XL:     3   Next: 7%
Magic:  3/3        EV:  9    Int:  9    God:
Gold:   0          SH:  5    Dex: 14    Spells: 2/2 levels left

rFire   . . .        a - +0 flail
rCold   . . .        c - +0 buckler
rNeg    . . .        b - +0 scale mail
rPois   .            (no helmet)
rElec   .            (no cloak)
rCorr   .            (no gloves)
SInv    .            (no boots)
Will    .....        (no amulet) Stlth
                     (no ring)
HPRegen 0.25/turn    (no ring)
MPRegen 0.08/turn

%: no teleportation
@: mighty
A: claws 1, powered by pain 1
a: no special abilities


You were in the Dungeon.
You visited 1 branch

Inventory:

Hand Weapons
 a - a +0 flail (weapon)
Armour
 b - a +0 scale mail (worn)
 c - a +0 buckler (worn)
Scrolls
 j - a scroll of blinking
 k - a scroll of brand weapon
Potions
 d - a potion of might
 e - a potion of curing
 f - a potion of heal wounds
 g - a potion of haste
 h - 2 potions of magic
 i - a potion of berserk rage


   Skills:
 + Level 4.3 Fighting
 + Level 2.6 Maces & Flails
 + Level 4.1 Armour
 + Level 0.1 Dodging
 + Level 3.9 Shields


You had 2 spell levels left.
You didn't know any spells.
Your spell library was empty.

Dungeon Overview and Level Annotations

Branches:
Dungeon (1/1)

Altars:
Ashenzari
Cheibriados
Dithmenos
Fedhas
Gozag
Hepliaklqana
Kikubaaqudgha
Makhleb
Nemelex Xobeh
Okawaru
Qazlal
Ru
Sif Muna
Uskayaw
Vehumet
Wu Jian
Xom
Yredelemnul
Jiyva
Lugonu

Annotations:
D 1 transporter


Innate Abilities, Weirdness & Mutations

You have sharp fingernails.
You sometimes gain a little power by taking damage.


Message History

Your demonic ancestry asserts itself...
You feel energised by your suffering.
You have reached level 3!
Your experience leads to an increase in your attributes!
Increase (S)trength, (I)ntelligence, or (D)exterity?
You feel agile. x2; Your demonic ancestry asserts itself...
Your fingernails lengthen.
You sock the bat skeleton!
You destroy the bat skeleton!
You are too injured to fight recklessly!
You are too injured to fight recklessly!
HP restored.
k - a scroll of brand weapon You see here a staff of air.
There is a transporter here.
Welcome to arena 2.
You enter the transporter and appear at another place. 3 draconians come into view.
The draconian roars! x2
Found three items.
Found a transporter.
The draconian closely misses you.
The draconian hits you but does no damage.
You block the draconian's attack.
You hit the draconian but do no damage.
The draconian hits you with a +0 dagger.
The draconian barely misses you. The draconian hits you with a +0 club!
The draconian completely misses you.
The draconian hits you with a +0 dagger!
* * * LOW HITPOINT WARNING * * *
You focus on the pain.
You feel very mighty all of a sudden. The draconian hits you with a +0 club.
* * * LOW HITPOINT WARNING * * *
You barely miss the draconian.
The draconian hits you but does no damage.
You block the draconian's attack. The draconian misses you.
Unknown command.
You closely miss the draconian. The draconian barely misses you.
The draconian closely misses you. The draconian hits you with a +0 club!
You die...

▓▓▓▓▓▓▓▓▓▓▓▓▓
▓.8©8.▓.8©8.▓
▓.:}|.▓.....▓
▓.....▓.|...▓
▓.ddd.▓.....▓
▓..@..▓.....▓
▓.....▓..©..▓
▓..©..▓▓▓▓▓▓▓
▓▓▓▓▓▓▓


You could see 3 draconians.

Vanquished Creatures
  An iron imp (D)
  A bat skeleton (D)
2 creatures vanquished.

Notes
Turn   | Place    | Note
-------+----------+-------------------------------------------
     0 | D        | Groucho the Demonspawn Fighter began the quest for the Orb.
     0 | D        | Reached XP level 1. HP: 18/18 MP: 1/1
     0 | D        | Found a blossoming altar of Fedhas.
     0 | D        | Found the +6 Majin-Bo {spellvamp, MP+6 Int+6}
     0 | D        | Found the +27 heavy crossbow "Sniper" {heavy, Acc+∞ SInv}
     0 | D        | Found the +10 dark maul {heavy}
     0 | D        | Found the +15 Maxwell's patent armour {-Cast -Tele rElec
                  | Will+ rCorr}
     0 | D        | Found the +18 shield of the Gong {Loud rN+ Will+ rCorr
                  | EV-5}
     0 | D        | Found the +16 obsidian axe {drain, demonic, Mesm Drain Fly
                  | SInv}
     0 | D        | Found the +7 great mace "Firestarter" {flame, immolate,
                  | rFlCloud rF++}
     0 | D        | Found the +6 shillelagh "Devastator" {shatter}
     0 | D        | Found the +11 plutonium sword {Contam Stlth-}
     0 | D        | Found the +8 lance "Wyrmbane" {slay drac, rPois rF+ rC+
                  | AC+3}
     0 | D        | Found the +9 sword of Zonguldrok {reap}
     0 | D        | Found the +13 scythe of Curses {drain, curses, Drain}
     0 | D        | Found the +9 sword of Power {lifebolt}
     0 | D        | Found the +7 mace of Variability {chaos, chaos arc}
     0 | D        | Found the +11 Singing Sword {sonic wave}
     0 | D        | Found the +8 storm bow {elec, penet}
     1 | D        | Found a transporter.
     1 | D        | Found a viscous altar of Jiyva.
     1 | D        | Found an ancient bone altar of Kikubaaqudgha.
     1 | D        | Found a hazy altar of Hepliaklqana.
     1 | D        | Found a corrupted altar of Lugonu.
     1 | D        | Found an opulent altar of Gozag.
     1 | D        | Found a burning altar of Makhleb.
     6 | D        | Found an iron altar of Okawaru.
     6 | D        | Found a stormy altar of Qazlal.
     6 | D        | Found a sparkling altar of Nemelex Xobeh.
     6 | D        | Found a sacrificial altar of Ru.
     6 | D        | Found a shimmering blue altar of Sif Muna.
    12 | D        | Entered arena 2.
    12 | D        | Noticed an iron imp
    12 | D        | Found a transporter.
    22 | D        | Killed an iron imp
    23 | D        | Gained mutation: You sometimes gain a little power by
                  | taking damage. [demonic ancestry]
    23 | D        | Reached XP level 2. HP: 11/25 MP: 2/2
    23 | D        | Gained mutation: You have sharp fingernails. [demonic
                  | ancestry]
    23 | D        | Reached XP level 3. HP: 13/30 MP: 3/3
    99 | D        | Entered arena 3.
    99 | D        | Noticed a draconian
    99 | D        | Noticed a draconian
    99 | D        | Noticed a draconian
    99 | D        | Found a transporter.
   104 | D        | Mangled by a draconian

Illustrated notes

Levels and vault maps discovered:
D:        sprint_v [room_start, room_1, room_2, room_3, room_4, room_5, room_6,
          room_7, room_8, room_9, room_10, room_11, room_12, room_13, room_14,
          room_15, room_16, room_17, room_18, room_19, room_20, room_21,
          room_22, room_23, room_24, room_25, room_26, room_27]

Skill      XL: |  1 |
---------------+----+-----
Fighting       | 4 |  4.3
Maces & Flails | 2 |  2.6
Armour         | 4 |  4.1
Shields        | 3 |  3.9
Dodging        | |  0.1

Action                     || total
---------------------------++-------
  Melee: Flail             ||    14
 Armour: Scale mail        ||    18
  Dodge: Dodged            ||    24
  Block: Buckler           ||     8
